 Seeded DCSS version 0.30-a0-159-g068b764562 (webtiles) character file.

Game seed: 6407531006889329252 (custom seed)

123 Iusername the Covered (level 4, -6/40 HPs)
             Began as a Minotaur Fighter on Sept 27, 2022.
             Mangled by Pikel
             ... wielding a +2 whip of electrocution
              (12 damage)
             ... on level 4 of the Dungeon.
             The game lasted 00:02:43 (1930 turns).

Iusername the Covered (Minotaur Fighter)            Turns: 1930, Time: 00:02:45

Health: -6/40      AC:  7    Str: 23    XL:     4   Next: 80%
Magic:  3/3        EV: 10    Int:  8    God:
Gold:   131        SH:  0    Dex: 12    Spells: 3/3 levels left

rFire   . . .      SeeInvis .    f - +11 halberd of Light {spect, Int+3 Dex+3}
rCold   . . .      Faith    .    (shield currently unavailable)
rNeg    . . .      Spirit   .    b - +0 scale mail
rPois   .          Reflect  .    (helmet restricted)
rElec   .          Harm     .    (no cloak)
rCorr   .          Rampage  .    (no gloves)
Will    .....                    (no boots)
Stlth   ..........               (no amulet)
HPRegen 0.13/turn                (no ring)
MPRegen 0.08/turn                (no ring)

@: mighty
A: horns 2, retaliatory headbutt
a: no special abilities


You were on level 4 of the Dungeon.
You visited 1 branch of the dungeon, and saw 4 of its levels.

You collected 131 gold pieces.

Inventory:

Hand Weapons
 a - a +0 trident
 f - the +11 halberd of Light (weapon) {spect, Int+3 Dex+3}
   (You acquired it on level 1 of the Dungeon)

   When its wielder attacks, the weapon's spirit leaps out and strikes again.
   The spirit shares a part of any damage it takes with its wielder.
   Int:       It affects your intelligence (+3).
   Dex:       It affects your dexterity (+3).
Armour
 b - a +0 scale mail (worn)
Wands
 s - a wand of flame (21)
Scrolls
 g - a scroll of teleportation {unknown}
 h - a scroll of immolation {unknown}
 i - 2 scrolls of fear {unknown}
 l - a scroll of magic mapping {unknown}
 m - a scroll of noise {unknown}
 n - 2 scrolls of identify {unknown}
 o - a scroll of enchant armour {unknown}
 q - a scroll of amnesia {unknown}
Potions
 c - 2 potions of attraction {unknown}
 e - 4 potions of curing {unknown}
 j - 2 potions of resistance {unknown}
 k - a potion of haste {unknown}
 p - a potion of degeneration {unknown}
 r - a potion of mutation {unknown}


   Skills:
 + Level 4.1 Fighting
 + Level 4.3 Polearms
 + Level 4.6 Armour
 + Level 1.2 Dodging
 + Level 4.0 Shields


You had 3 spell levels left.
You didn't know any spells.
Your spell library contained the following spells:

 Spells                   Type           Power      Damage    Failure   Level
 Shock                    Conj/Air       0%         1d3       71%         1
 Swiftness                Air            0%         N/A       97%         3
 Airstrike                Air            0%         2d(0-16)  100%        4
 Summon Forest            Summ/Tloc      0%         N/A       100%        5
 Eringya's Noxious Bog    Tmut/Pois      0%         N/A       100%        6
 Summon Hydra             Summ           0%         N/A       100%        7


Dungeon Overview and Level Annotations

Branches:
Dungeon (4/15)
 Temple: D:4-7

Altars:
Hepliaklqana
Uskayaw

Annotations:
D:4 Pikel


Innate Abilities, Weirdness & Mutations

You have a pair of horns on your head.
You reflexively headbutt those who attack you in melee.


Message History

You climb downwards.
There is a stone staircase leading up here.
There is a stone staircase leading up here.
A lemure comes into view.
The lemure shouts!
You hear a shout! x2
A lemure is nearby!
A lemure is nearby!
You feel very mighty all of a sudden. The lemure hits you but does no damage.
A lemure comes into view.
The lemure shouts!
You hear a shout! x2
The lemure hits you but does no damage.
Pikel, Merchant of Souls comes into view.
He is wielding a +2 whip of electrocution and carrying a wand of flame (20).
Pikel shouts!
The lemure hits you. The lemure attacks as you move away!
The lemure closely misses you.
You closely miss the lemure.
Your +11 halberd of Light {spect, Int+3 Dex+3} hits the lemure from afar!
The lemure hits you. x2
You slice the lemure!!
You kill the lemure!
That felt strangely unrewarding.
The lemure hits you.
Pikel zaps a wand.
The puff of flame hits you. The lemure barely misses you.
A lemure comes into view.
The lemure shouts!
Pikel hits you with a +2 whip of electrocution.
* * * LOW HITPOINT WARNING * * *
You impale Pikel!!
Pikel is heavily wounded.
Your +11 halberd of Light {spect, Int+3 Dex+3} hits Pikel!!
Pikel barely misses you. The lemure hits you.
* * * LOW HITPOINT WARNING * * *
You barely miss Pikel.
Pikel is almost dead.
Your +11 halberd of Light {spect, Int+3 Dex+3} barely misses Pikel.
The lemure barely misses you.
Pikel hits you with a +2 whip of electrocution.
* * * LOW HITPOINT WARNING * * *
You are electrocuted!
You die...

.... ....
......# . .
.......#
#..#
#.......
.#.#
#......#
..####
#......
##5.....
#..##.##K(.#
#..##.5@#
#....###
#...## #..##
#.## #.#
##<# #..#
####


You could see Pikel, 2 lemures and a friendly +11 halberd of Light {spect, Int+3
Dex+3} (summoned).

Vanquished Creatures
  A lemure (D:4)
  An orc wizard (D:3)
  4 adders
  A worm (D:2)
  4 orcs (D:3)
  7 endoplasms
  2 giant cockroaches
  4 goblins
  7 hobgoblins
  4 quokkas
  4 ball pythons
  5 bats
  4 kobolds
  7 rats
55 creatures vanquished.

Notes
Turn   | Place    | Note
-------+----------+-------------------------------------------
     0 | D:1      | Iusername the Minotaur Fighter began the quest for the Orb.
     0 | D:1      | Reached XP level 1. HP: 19/19 MP: 0/0
   104 | D:1      | Reached XP level 2. HP: 23/27 MP: 1/1
   721 | D:1      | Identified a scroll of acquirement
   721 | D:1      | Acquired the +11 halberd of Light {spect, Int+3 Dex+3}
   808 | D:2      | Reached XP level 3. HP: 33/33 MP: 2/2
  1195 | D:3      | Found a hide-covered altar of Uskayaw.
  1412 | D:3      | Reached XP level 4. HP: 40/40 MP: 3/3
  1448 | D:3      | Reached skill level 1 in Dodging
  1760 | D:3      | Found a hazy altar of Hepliaklqana.
  1916 | D:4      | Noticed a lemure
  1922 | D:4      | Noticed a lemure
  1923 | D:4      | Noticed Pikel
  1926 | D:4      | Killed a lemure
  1928 | D:4      | Noticed a lemure
  1930 | D:4      | Mangled by Pikel

Illustrated notes

Levels and vault maps discovered:
D:1:      giann_horns, layout_loops_ring, st_stairs_9
D:2:      layout_rooms
D:3:      layout_basic, mainiacjoe_overflow_concentric_impassable,
          mainiacjoe_overflow_alcove_2
D:4:      layout_cave_pods, uniq_eustachio, uniq_crazy_yiuf_cottage, uniq_pikel,
          uniq_edmund

Skill      XL: |  1  2  3  4 |
---------------+-------------+-----
Fighting       | 4 |  4.1
Armour         | 4 |  4.6
Polearms       | 3 4 |  4.3
Shields        | 4 |  4.0
Dodging        | 1 |  1.2

Action                   |  1- 3 |  4- 6 || total
-------------------------+-------+-------++-------
Melee: Trident           |    54 |       ||    54
       Headbutt          |     3 |       ||     3
       Halberd           |    24 |    18 ||    42
  Use: Scroll            |     1 |       ||     1
       Potion            |       |     1 ||     1
Armor: Scale mail        |    28 |     5 ||    33
Dodge: Dodged            |    24 |     7 ||    31
Block: Buckler           |    11 |       ||    11

Table legend: (Time is in decaauts)
 A = Elapsed time spent in this place.
 B = Non-inter-level travel time spent in this place.
 C = Inter-level travel time spent in this place.
 D = Time resting spent in this place.
 E = Time spent auto-exploring this place.
 F = Levels seen in this place.
 G = Mean time per level.
                   A        B        C        D        E       F      G
               +--------+--------+--------+--------+--------+-----+--------+
         Total |   1953 |   1858 |     95 |      0 |   1553 |   4 |  488.2 |
       Dungeon |   1953 |   1858 |     95 |      0 |   1553 |   4 |  488.2 |
               +--------+--------+--------+--------+--------+-----+--------+

Top non-repeatable levels by time:
     D:1: 809 daAuts
     D:3: 729 daAuts
     D:2: 396 daAuts
     D:4: 18 daAuts
